 Dungeon Crawl Stone Soup version 0.24.0-123-gd5b16e6ec5 (webtiles) character file.

Game seed: 4140402877216155239, levelgen mode: deterministic

328 Hasart the Sneak (level 6, -9/41 HPs)
             Began as a Vampire Wizard on Jan 15, 2020.
             Mangled by Menkaure (13 damage)
             ... on level 4 of the Dungeon.
             The game lasted 00:14:10 (4037 turns).

Hasart the Sneak (Vampire Wizard)                   Turns: 4037, Time: 00:14:10

Health: -9/41      AC:  3    Str:  6    XL:     6   Next: 25%
Magic:  7/11       EV: 13    Int: 23    God:
Gold:   172        SH:  0    Dex: 12    Spells: 4/12 levels left

rFire    + . .     SeeInvis +   d - +2 short sword (speed)
rCold    . . .     Gourm    .   (no shield)
rNeg     . . .     Faith    .   a - +0 robe
rPois    .         Spirit   .   b - +0 hat
rElec    .         Reflect  .   (no cloak)
rCorr    .         Harm     .   (no gloves)
MR       .....                  p - +0 pair of boots
Stlth    +++.......             (no amulet)
HPRegen  0.33/turn              h - ring of protection from fire
MPRegen  0.12/turn              (no ring)

@: regenerating quickly
A: no food, fangs 3, see invisible, unbreathing
a: Exsanguinate


You were on level 4 of the Dungeon.
You were alive.

You visited 1 branch of the dungeon, and saw 4 of its levels.

You collected 172 gold pieces.

Inventory:

Hand Weapons
 d - a +2 short sword of speed (weapon)
Armour
 a - a +0 robe (worn)
 b - a +0 hat (worn)
 p - a +0 pair of boots (worn)
Magical Staves
 i - an uncursed staff of earth
Jewellery
 h - a ring of protection from fire (left hand)
Scrolls
 c - 3 scrolls of magic mapping {unknown}
 e - 8 scrolls of identify {unknown}
 f - 2 scrolls of enchant armour {unknown}
 j - a scroll of enchant weapon {unknown}
 k - a scroll of noise {unknown}
 m - a scroll of remove curse {unknown}
 n - a scroll of fear {unknown}
Potions
 g - 3 potions of curing {unknown}
 l - a potion of haste {unknown}
 o - a potion of might {unknown}


   Skills:
 + Level 3.3 Dodging
 + Level 5.0 Stealth
 + Level 3.7 Spellcasting
 * Level 2.5 Conjurations
 - Level 1.0 Summonings
 - Level 0.7 Translocations
 + Level 1.8 Air Magic
 + Level 1.6 Poison Magic


You had 4 spell levels left.
You knew the following spells:

 Your Spells              Type           Power        Failure   Level  Hunger
a - Magic Dart            Conj           ###.         3%          1    N/A
b - Call Imp              Summ           #.......     11%         2    N/A
c - Mephitic Cloud        Conj/Pois/Air  ##......     14%         3    N/A
d - Blink                 Tloc           N/A          12%         2    N/A

Your spell library contained the following spells:

 Spells                   Type           Power        Failure   Level  Hunger
 Slow                     Hex            #.......     16%         2    N/A
 Conjure Flame            Conj/Fire      ##......     19%         3    N/A

Dungeon Overview and Level Annotations

Branches:
Dungeon (4/15)
 Temple: D:4-7

Altars:
Dithmenos
Elyvilon
Fedhas
Kikubaaqudgha
Nemelex Xobeh
Okawaru
Qazlal
Trog
Wu Jian
Yredelemnul
Zin

Annotations:
D:4 Menkaure


Innate Abilities, Weirdness & Mutations

You do not eat.
Your natural rate of healing is unusually fast.
You have razor-sharp teeth.
You have supernaturally acute eyesight. (SInv)
You can survive without breathing.


Message History

Menkaure is severely damaged.
You barely miss Menkaure.
Menkaure is severely damaged.
Menkaure hits you!!
You barely miss Menkaure.
Menkaure is severely damaged.
Casting: Magic Dart (safe; 3% risk of failure)
Confirm with . or Enter, or press ? or * to list all spells.
Aiming: Magic Dart (safe; 3% risk of failure)
Press: ? - help, Shift-Dir - straight line, f/p - Menkaure
Aim: Menkaure (severely damaged)
The magic dart hits Menkaure.
Menkaure is almost destroyed.
Menkaure hits you!!
* * * LOW HITPOINT WARNING * * *
You aren't carrying any items that you can evoke.
You hit Menkaure but do no damage.
Menkaure is almost destroyed.
Menkaure hits you!
You die...

.##...#...##.....#.
##...#.......#....
##..#.#...$..###.##
#..##...#.........
#..#..#.#........( .
###.....#.......#.....
#..............##.....
##.....M[............
#.>....)@............
#.....<รท####...##....
###....## ###.# ...
#...## .# . #.... ..
#.... ... #.... ...#
###


You could see Menkaure.

Vanquished Creatures
  Blork the orc (D:3)
  A crimson imp (D:3)
  A hound (D:3)
  An iguana (D:4)
  A worker ant (D:3)
  8 adders
  A worm (D:2)
  8 orcs
  6 bats
  4 giant cockroaches
  7 hobgoblins
  4 jackals (D:4)
  10 kobolds
  4 quokkas
  A ball python (D:1)
  3 frilled lizards (D:1)
  6 goblins
  11 rats
78 creatures vanquished.

Vanquished Creatures (others)
  A bush (D:1)
1 creature vanquished.

Grand Total: 79 creatures vanquished

Notes
Turn   | Place    | Note
-------+----------+-------------------------------------------
     0 | D:1      | Hasart the Vampire Wizard began the quest for the Orb.
     0 | D:1      | Reached XP level 1. HP: 13/13 MP: 4/4
   157 | D:1      | Reached skill level 1 in Conjurations
   228 | D:1      | Reached XP level 2. HP: 17/19 MP: 6/6
   897 | D:1      | Reached XP level 3. HP: 24/24 MP: 7/7
  1219 | D:1      | Learned a level 2 spell: Call Imp
  1223 | D:1      | Learned a level 3 spell: Mephitic Cloud
  1226 | D:1      | Learned a level 2 spell: Blink
  2313 | D:2      | Reached XP level 4. HP: 24/30 MP: 2/9
  2858 | D:3      | Reached skill level 4 in Stealth
  3044 | D:3      | Found a stormy altar of Qazlal.
  3156 | D:3      | Reached skill level 1 in Air Magic
  3613 | D:3      | Found a glowing silver altar of Zin.
  3614 | D:3      | Found a bloodstained altar of Trog.
  3618 | D:3      | Found a sparkling altar of Nemelex Xobeh.
  3619 | D:3      | Found an ornate altar of the Wu Jian Council.
  3620 | D:3      | Found a stormy altar of Qazlal.
  3620 | D:3      | Found an ancient bone altar of Kikubaaqudgha.
  3620 | D:3      | Found a white marble altar of Elyvilon.
  3620 | D:3      | Found a basalt altar of Yredelemnul.
  3621 | D:3      | Found a blossoming altar of Fedhas.
  3622 | D:3      | Found a shadowy altar of Dithmenos.
  3624 | D:3      | Found an iron altar of Okawaru.
  3681 | D:3      | Reached skill level 1 in Poison Magic
  3681 | D:3      | Reached XP level 5. HP: 29/35 MP: 6/10
  3917 | D:4      | Noticed Blork the orc
  3922 | D:4      | Noticed Menkaure
  4002 | D:3      | Killed Blork the orc
  4002 | D:3      | Reached skill level 5 in Stealth
  4002 | D:3      | Reached XP level 6. HP: 35/41 MP: 8/11
  4037 | D:4      | Mangled by Menkaure

Levels and vault maps discovered:
D:1:      dpeg_arrival_round_c, layout_loops_ring, lexackson_kobold_supper
D:2:      layout_basic
D:3:      layout_loops_ring, minitemple, first_ration,
          nicolae_qazlal_eye_of_the_storm
D:4:      black_bear_nest_2, layout_cave_pools, uniq_natasha,
          uniq_blork_the_orc, uniq_menkaure

Skill      XL: |  1  2  3  4  5 |
---------------+----------------+-----
Conjurations   | 1 2 |  2.5
Stealth        | 4 5 |  5.0
Air Magic      | 1 |  1.8
Dodging        | 3 |  3.3
Poison Magic   | 1 |  1.6
Spellcasting   | |  3.7
Summonings     | |  1.0
Translocations | |  0.7

Action                   |  1- 3 |  4- 6 || total
-------------------------+-------+-------++-------
Melee: Unarmed           |    18 |       ||    18
       Short sword       |   193 |   116 ||   309
       Bite              |    29 |     3 ||    32
 Cast: Magic Dart        |    43 |    27 ||    70
       Mephitic Cloud    |       |     9 ||     9
 Stab: Sleeping          |     4 |     3 ||     7
       Confused          |       |     2 ||     2
Armor: Robe              |    18 |    10 ||    28
Dodge: Dodged            |    60 |    69 ||   129
